 Dungeon Crawl Stone Soup version 0.25.1-8-g42b30a86e7 (webtiles) character file.

Game seed: 11045391024612344622

194 Erymatos the Chopper (level 5, -3/47 HPs)
             Began as a Minotaur Berserker on Dec 1, 2020.
             Was a Believer of Trog.
             Succumbed to Ijyb's poison
             ... on level 3 of the Dungeon.
             The game lasted 00:02:18 (2179 turns).

Erymatos the Chopper (Minotaur Berserker)           Turns: 2179, Time: 00:02:18

Health: -3/47      AC: 11    Str: 22    XL:     5   Next: 44%
Magic:  4/4        EV:  6    Int:  4    God:    Trog [**....]
Gold:   82         SH:  8    Dex: 10    Spells: 4/4 levels left

rFire    . . .     SeeInvis .   a - +0 hand axe
rCold    . . .     Gourm    .   d - +0 kite shield
rNeg     . . .     Faith    .   s - +0 chain mail
rPois    .         Spirit   .   (helmet restricted)
rElec    .         Reflect  .   m - +0 cloak
rCorr    .         Harm     .   (no gloves)
MR       .....                  f - +0 pair of boots
Stlth    ..........             (no amulet)
HPRegen  0.15/turn              (no ring)
MPRegen  0.09/turn              (no ring)

@: lethally poisoned (-3 -> -41), berserk cooldown, slowed, very slow
A: retaliatory headbutt, horns 2
a: Berserk, Trog's Hand, Renounce Religion


You were on level 3 of the Dungeon.
You worshipped Trog.
Trog was pleased with you.
You were hungry.

You visited 1 branch of the dungeon, and saw 3 of its levels.

You collected 82 gold pieces.

Inventory:

Hand Weapons
 a - a +0 hand axe (weapon)
Armour
 d - a +0 kite shield (worn)
 f - a +0 pair of boots (worn)
 m - a +0 cloak (worn)
 s - a +0 chain mail (worn)
Scrolls
 e - a scroll of blinking {unknown}
 g - a scroll of fear {unknown}
 h - 2 scrolls of magic mapping {unknown}
 i - 3 scrolls of remove curse {unknown}
 j - 3 scrolls of teleportation {unknown}
 k - a scroll of random uselessness {unknown}
 l - 2 scrolls of identify {unknown}
 q - 2 scrolls of amnesia {unknown}
 u - 2 scrolls of enchant weapon {unknown}
Potions
 n - a potion of invisibility {unknown}
 o - a potion of curing {unknown}
 r - 2 potions of flight {unknown}
 t - a potion of mutation {unknown}
Comestibles
 c - 4 rations


   Skills:
 + Level 4.5 Fighting
 + Level 5.5 Axes
 + Level 3.2 Armour
 + Level 3.4 Dodging
 + Level 0.3 Stealth
 + Level 1.1 Shields


You had 4 spell levels left.
You didn't know any spells.
Your spell library was empty.

Dungeon Overview and Level Annotations

Branches:
Dungeon (3/15)

Altars:


Innate Abilities, Weirdness & Mutations

You reflexively headbutt those who attack you in melee.
You have a pair of horns on your head.


Message History

* * * LOW HITPOINT WARNING * * *
You feel sick.
Unknown command.
You are no longer berserk.
Trog's vigour flows through your veins.
You are exhausted.
You feel yourself slow down.
* * * LOW HITPOINT WARNING * * *
You feel very sick.
The jackal bites you but does no damage.
There is a stone staircase leading up here.
You hit the jackal.
The jackal is heavily wounded.
* * * LOW HITPOINT WARNING * * *
You feel very sick. The jackal barely misses you. x2
Unknown command.
Your shield and chain mail prevent you from hitting the jackal.
The jackal is heavily wounded.
You die...

### ..# #.# #.#
#.# #h#### #
#@..<#
#####.#.####...
^.....)).......
.####.#...#####
#.#...# . #...#
## #...# ....#
##..#


You could see a jackal.

Vanquished Creatures
  Ijyb (D:3)
  Natasha (thrice) (D:2)
  3 adders (D:2)
  3 oozes
  A worm (D:2)
  4 leopard geckos (D:1)
  2 ball pythons (D:2)
  7 bats
  A giant cockroach (D:2)
  3 hobgoblins
  3 jackals (D:2)
  A quokka (D:2)
  A frilled lizard (D:1)
  9 goblins
  5 kobolds
  6 rats
53 creatures vanquished.

Notes
Turn   | Place    | Note
-------+----------+-------------------------------------------
     0 | D:1      | Erymatos the Minotaur Berserker began the quest for the
                  | Orb.
     0 | D:1      | Reached XP level 1. HP: 19/19 MP: 0/0
   159 | D:1      | Reached XP level 2. HP: 27/27 MP: 1/1
   318 | D:1      | Reached skill level 4 in Axes
   572 | D:1      | Reached XP level 3. HP: 33/33 MP: 2/2
  1075 | D:2      | Reached ** piety under Trog
  1455 | D:2      | Reached XP level 4. HP: 31/40 MP: 3/3
  1561 | D:2      | Noticed Natasha
  1568 | D:2      | Killed Natasha
  1712 | D:2      | Reached skill level 5 in Axes
  1807 | D:2      | Noticed Natasha
  1818 | D:2      | Killed Natasha
  1932 | D:2      | Reached XP level 5. HP: 47/47 MP: 4/4
  2089 | D:2      | Noticed Natasha
  2095 | D:2      | Killed Natasha
  2159 | D:3      | Noticed Ijyb
  2174 | D:3      | Killed Ijyb
  2174 | D:3      | Reached skill level 1 in Shields
  2178 | D:3      | HP: 2/47 [poisoned by Ijyb]
  2179 | D:3      | Succumbed to Ijyb's poison

Illustrated notes

Levels and vault maps discovered:
D:1:      scummos_arrival_hexagon, layout_basic
D:2:      layout_basic, first_ration, uniq_natasha
D:3:      lemuel_castle_with_subvaults [lemuel_castle_interior_carwin_3],
          layout_basic, kennysheep_nondescript, uniq_ijyb, uniq_robin

Skill      XL: |  1  2  3  4  5 |
---------------+----------------+-----
Fighting       | 4 |  4.5
Axes           | 4 5 |  5.5
Armour         | 3 |  3.2
Dodging        | 3 |  3.4
Shields        | 1 |  1.1
Stealth        | |  0.3

Action                   |  1- 3 |  4- 6 || total
-------------------------+-------+-------++-------
Melee: Hand axe          |    64 |    52 ||   116
       Headbutt          |     8 |     8 ||    16
Invok: Berserk           |     1 |     2 ||     3
  Eat: Chunk             |     2 |     4 ||     6
Armor: Animal skin       |     8 |       ||     8
       Chain mail        |       |    28 ||    28
Dodge: Dodged            |    48 |    12 ||    60
Block: Kite shield       |    12 |    16 ||    28
